 Dungeon Crawl Stone Soup version 0.29-a0-231-g945431f764 (webtiles) character file.

Game seed: 10938163182762009861

1570 Ajdolov the Quickloader (level 9, -7/59 (64) HPs)
             Began as a Formicid Hunter on Feb 28, 2022.
             Was a Believer of Fedhas.
             Mangled by a wight
             ... wielding a +4 morningstar
              (10 damage)
             ... on level 6 of the Dungeon.
             The game lasted 00:14:32 (7494 turns).

Ajdolov the Quickloader (Formicid Hunter)           Turns: 7494, Time: 00:14:34

HP:   -7/59 (64)    AC:  8    Str: 16    XL:     9   Next: 13%
MP:   9/9           EV: 12    Int: 12    God:    Fedhas [**....]
Gold: 345           SH:  0    Dex: 15    Spells: 8/8 levels left

rFire   . . .      SeeInvis +   b - +2 scimitar (holy)
rCold   . . .      Faith    .   (no shield)
rNeg    . . .      Spirit   .   g - +1 leather armour
rPois   .          Reflect  .   (helmet unavailable)
rElec   .          Harm     .   (no cloak)
rCorr   .          Rampage  .   (no gloves)
Will    .....                   (no boots)
Stlth   ++........              (no amulet)
HPRegen 0.19/turn               p - +4 ring of protection
MPRegen 0.11/turn               (no ring)

@: drained
A: permanent stasis, dig shafts and tunnels, antennae 3, four strong arms
a: Dig, Shaft Self, Renounce Religion, Wall of Briars


You were on level 6 of the Dungeon.
You worshipped Fedhas.
Fedhas was pleased with you.
You visited 2 branches of the dungeon, and saw 7 of its levels.
You also visited: Sewer and Ossuary.

You collected 345 gold pieces.

Inventory:

Hand Weapons
 a - a +1 hand crossbow
 b - a +2 scimitar of holy wrath (weapon)
 e - a +1 short sword of speed
Missiles
 m - a throwing net
Armour
 g - a +1 leather armour (worn)
Jewellery
 p - a +4 ring of protection (left hand)
 r - a +6 ring of intelligence
 u - a ring of protection from cold
Wands
 i - a wand of mindburst (4)
 w - a wand of flame (17)
Scrolls
 d - 2 scrolls of immolation
 l - a scroll of amnesia
 n - 5 scrolls of teleportation {unknown}
 s - a scroll of brand weapon {unknown}
 x - a scroll of enchant weapon {unknown}
Potions
 c - a potion of heal wounds
 f - 4 potions of curing
 h - a potion of berserk rage
 j - 2 potions of attraction
 k - 2 potions of flight
 o - a potion of haste
 q - a potion of lignification
 t - a potion of might
 v - a potion of mutation


   Skills:
 * Level 3.3 Fighting
 - Level 11.1 Crossbows
 * Level 2.3 Armour
 - Level 1.7 Dodging
 - Level 1.2 Stealth


You had 8 spell levels left.
You didn't know any spells.
Your spell library contained the following spells:

 Spells                   Type           Power      Damage    Failure   Level
 Shock                    Conj/Air       0%         1d3       36%         1
 Slow                     Hex            0%         N/A       36%         1
 Confusing Touch          Hex            0%         N/A       75%         3
 Inner Flame              Hex/Fire       0%         N/A       75%         3
 Vampiric Draining        Necr           0%         2d6       75%         3
 Airstrike                Air            0%         N/A       98%         4
 Cause Fear               Hex            0%         N/A       98%         4
 Summon Ice Beast         Ice/Summ       0%         N/A       98%         4
 Dragon Form              Tmut           0%         N/A       100%        7
 Discord                  Hex            0%         N/A       100%        8
 Dragon's Call            Summ           0%         N/A       100%        9
 Swiftness                Air            Unusable   N/A       N/A         3

Dungeon Overview and Level Annotations

Branches:
Dungeon (6/15)             Temple (1/1) D:4           Sewer (visited)
Ossuary (visited)

Altars:
Elyvilon
Fedhas
Hepliaklqana
Kikubaaqudgha
Makhleb
Qazlal
Vehumet
Wu Jian

Shops:
D:4 *


Innate Abilities, Weirdness & Mutations

You cannot be hasted, slowed, berserked, paralysed or teleported.
You can dig through walls and to a lower floor.
You have a pair of large antennae on your head. (SInv)
Your four strong arms can wield two-handed weapons with a shield.


Message History

Your +2 scimitar of holy wrath stops glowing.
a - a +1 hand crossbow (weapon)
Found a stone staircase leading up.
You now have 345 gold pieces (gained 11).
x - a scroll labelled WOPURE MUWEU A wight comes into view.
It is wielding a +4 morningstar.
Found 14 gold pieces.
The wight moves out of view.
You shoot a bolt. The bolt hits the wight.
The wight is lightly damaged.
The wight hits you with a +4 morningstar!
You feel drained.
You shoot a bolt. The bolt hits the wight.
The wight is lightly damaged.
The wight hits you with a +4 morningstar!
You shoot a bolt. The bolt barely misses the wight.
The wight hits you with a +4 morningstar.
You shoot a bolt. The bolt hits the wight!
The wight is severely damaged.
The wight hits you with a +4 morningstar.
You feel drained.
Number of times to repeat, then command key: You must enter the number of times for the command to repeat.
Your +2 scimitar of holy wrath softly glows with a divine radiance!
b - a +2 scimitar of holy wrath (weapon)
You closely miss the wight.
The wight is severely damaged.
The wight misses you.
The wight hits you with a +4 morningstar!
You hit the wight but do no damage.
The wight is severely damaged.
The wight barely misses you.
You closely miss the wight.
The wight is severely damaged.
The wight hits you with a +4 morningstar!
* * * LOW HITPOINT WARNING * * *
You feel drained.
* * * LOW HITPOINT WARNING * * *
The wight hits you with a +4 morningstar!
You die...
Fedhas appreciates your contribution to the ecosystem.

.......# ...
......# ... ......
... ..... #.. #...
#$.##.. #.....#
#..z@# #...#.#
#..##.#######
#####...##........
#.z...#.##........
#.#####.##........
##z# #.##........
#..# #.##........
######z##
#.##........


You could see a wight.

Vanquished Creatures
  Grinder (D:4)
  Blork the orc (D:5)
  4 scorpions
  A necrophage (D:4)
  3 wights (D:6)
  2 hounds
  5 orc priests
  A gnoll shaman (D:3)
  4 jellies
  2 mummies
  4 orc wizards
  12 gnolls
  12 adders
  3 river rats
  2 worms
  4 dart slugs
  21 orcs
  A bat (D:3)
  6 endoplasms
  3 giant cockroaches
  3 goblins
  5 hobgoblins
  3 jackals (D:5)
  3 ball pythons
  9 frilled lizards
  7 kobolds
  12 rats
134 creatures vanquished.

Vanquished Creatures (others)
  27 plants (D:3)
  A withered plant (Ossuary)
28 creatures vanquished.

Grand Total: 162 creatures vanquished

Notes
Turn   | Place    | Note
-------+----------+-------------------------------------------
     0 | D:1      | Ajdolov the Formicid Hunter began the quest for the Orb.
     0 | D:1      | Reached XP level 1. HP: 16/16 MP: 1/1
   347 | D:1      | Reached XP level 2. HP: 22/22 MP: 2/2
   744 | D:2      | Found a radiant altar of Vehumet.
   892 | D:2      | Got Lirch's Collected Works on Beguiling and the Glacier
   898 | D:2      | Found a faded altar of an unknown god.
   988 | D:2      | Reached XP level 3. HP: 15/27 MP: 3/3
  1153 | D:2      | Reached skill level 5 in Crossbows
  1642 | D:3      | Reached XP level 4. HP: 15/33 MP: 4/4
  2212 | D:4      | Reached skill level 6 in Crossbows
  2212 | D:4      | Reached XP level 5. HP: 38/38 MP: 5/5
  2233 | D:4      | Identified the +0 robe of Miby {Rampage rN+ Dex+5 Slay-3}
  3099 | D:4      | Reached XP level 6. HP: 11/44 MP: 6/6
  3360 | D:3      | Reached skill level 7 in Crossbows
  3588 | D:4      | Noticed Grinder
  3956 | D:4      | Found a staircase to the Ecumenical Temple.
  3960 | Temple   | Entered the Ecumenical Temple
  4003 | Temple   | Became a worshipper of Fedhas Madash
  4218 | D:4      | Reached XP level 7. HP: 31/49 MP: 7/7
  4342 | D:4      | Reached skill level 8 in Crossbows
  4621 | D:4      | Found Oshretuc's General Store.
  4744 | D:4      | Killed Grinder
  4745 | D:4      | Reached skill level 9 in Crossbows
  4855 | D:5      | Entered Level 5 of the Dungeon
  4981 | D:5      | Noticed Blork the orc
  5003 | D:5      | Killed Blork the orc
  5004 | D:5      | Reached XP level 8. HP: 35/56 MP: 8/8
  5222 | D:5      | Found a sand-covered staircase.
  5227 | Ossuary  | Entered an ossuary
  5675 | D:5      | Reached * piety under Fedhas
  5676 | D:5      | Reached skill level 10 in Crossbows
  6412 | D:6      | Found a glowing drain.
  6568 | Sewer    | Entered a sewer
  6768 | Sewer    | Reached ** piety under Fedhas
  6820 | Sewer    | Reached skill level 11 in Crossbows
  7125 | D:6      | Reached skill level 1 in Armour
  7125 | D:6      | Reached XP level 9. HP: 34/59 MP: 9/9
  7494 | D:6      | Mangled by a wight

Illustrated notes

Levels and vault maps discovered:
D:1:      wander_arrival_peaceful_grave, layout_basic
D:2:      layout_loops_ring, basic_altar, shapermc_ecumenical_altar_totnotflames
D:3:      layout_rooms, minmay_strange_pillars, serial_bayou_lagoon_a
D:4:      layout_cave_pools, temple_hall_moat, serial_shops,
          kennysheep_mini_moat, uniq_grinder
D:5:      layout_loops_cross, enter_ossuary_2, uniq_blork_the_orc
D:6:      layout_rooms, portal_sewer_entry_b, uniq_edmund
Temple:   mainiacjoe_temple_bowtie_tessellation

Skill      XL: |  1  2  3  4  5  6  7  8  9 |
---------------+----------------------------+-----
Crossbows      | 5 6 7 9 11 | 11.1
Armour         | 1 2 |  2.3
Fighting       | 3 |  3.3
Dodging        | |  1.7
Stealth        | |  1.2

Action                   |  1- 3 |  4- 6 |  7- 9 || total
-------------------------+-------+-------+-------++-------
Melee: Short sword       |    30 |    57 |    19 ||   106
       Scimitar          |       |       |    21 ||    21
 Fire: Hand crossbow     |    79 |   134 |   334 ||   547
Evoke: Wand              |       |     8 |     3 ||    11
  Use: Scroll            |       |     9 |     3 ||    12
       Potion            |       |     1 |     1 ||     2
Armor: Leather armour    |     6 |    25 |    72 ||   103
Dodge: Dodged            |    24 |    51 |   116 ||   191

Table legend: (Time is in decaauts)
 A = Elapsed time spent in this place.
 B = Non-inter-level travel time spent in this place.
 C = Inter-level travel time spent in this place.
 D = Time resting spent in this place.
 E = Time spent auto-exploring this place.
 F = Levels seen in this place.
 G = Mean time per level.
                   A        B        C        D        E       F      G
               +--------+--------+--------+--------+--------+-----+--------+
         Total |   7580 |   7365 |    215 |   2624 |   3077 |   9 |  842.2 |
       Dungeon |   7015 |   6824 |    191 |   2490 |   2859 |   6 | 1169.2 |
        Temple |    177 |    153 |     24 |    100 |     34 |   1 |  177.0 |
         Sewer |    361 |    361 |      0 |     34 |    183 |   1 |  361.0 |
       Ossuary |     26 |     26 |      0 |      0 |      0 |   1 |   26.0 |
               +--------+--------+--------+--------+--------+-----+--------+

Top non-repeatable levels by time:
     D:5: 1645 daAuts
     D:3: 1533 daAuts
     D:4: 1321 daAuts
     D:2: 1281 daAuts
     D:6: 647 daAuts
     D:1: 586 daAuts
   Sewer: 361 daAuts
  Temple: 177 daAuts
 Ossuary: 26 daAuts
